 Dungeon Crawl Stone Soup version 0.22-a0-160-gcc81d7a (webtiles) character file.

259 mhoghedin the Chiller (level 6, -9/49 HPs)
             Began as a Naga Ice Elementalist on Feb 10, 2018.
             Mangled by an ogre
             ... wielding a +0 giant spiked club
              (14 damage)
             ... on level 4 of the Dungeon.
             The game lasted 00:06:53 (4456 turns).

mhoghedin the Chiller (Naga Ice Elementalist)       Turns: 4456, Time: 00:06:54

Health: -9/49      AC:  4    Str: 11    XL:     6   Next: 17%
Magic:  5/11       EV: 10    Int: 17    God:
Gold:   200        SH:  0    Dex: 11    Spells: 2/12 levels left

rFire    x . .     SeeInvis +   f - +0 dagger (freeze)
rCold    + . .     Gourm    .   (no shield)
rNeg     . . .     Faith    .   a - +0 robe
rPois    +         Spirit   .   h - +0 helmet
rElec    .         Reflect  .   (no cloak)
rCorr    .         Harm     .   (no gloves)
MR       .....                  (no barding)
Stlth    ++........             p - amulet of rage {+Rage, !d}
HPRegen  0.16/turn              k - ring of ice {rC+, rF-}
MPRegen  0.12/turn              (no ring)

@: very slow
A: large, see invisible, deformed body, poison resistance, slowness 2, slow
metabolism 1, spit poison 1, AC +2
a: Spit Poison, Evoke Berserk Rage


You were on level 4 of the Dungeon.
You were not hungry.

You visited 1 branch of the dungeon, and saw 4 of its levels.

You collected 200 gold pieces.

Inventory:

Hand Weapons
 e - a +0 short sword
   (You took it off a kobold on level 1 of the Dungeon)
 f - a +0 dagger of freezing (weapon)
   (You took it off a goblin on level 1 of the Dungeon)
Armour
 a - a +0 robe (worn)
 h - a +0 helmet (worn)
   (You found it on level 1 of the Dungeon)
Jewellery
 k - a ring of ice (left hand) {rC+, rF-}
   (You found it on level 2 of the Dungeon)
 p - an amulet of rage (around neck) {+Rage, !d}
   (You found it on level 3 of the Dungeon)
Scrolls
 d - a scroll of blinking {unknown}
 g - 2 scrolls of immolation {!r}
 i - 2 scrolls of remove curse
 l - a scroll of fear {unknown}
 o - a scroll of random uselessness {unknown}
 q - a scroll of fog {unknown}
Potions
 j - 2 potions of heal wounds
 m - a potion of haste {unknown}
 n - a potion of brilliance
 r - a potion of curing
Books
 b - a book of Frost
Comestibles
 c - 6 rations
 s - 6 chunks of flesh {@w0}


   Skills:
 - Level 1.5 Dodging
 - Level 3.0 Stealth
 + Level 3.8 Spellcasting
 + Level 3.0 Conjurations
 + Level 4.7 Ice Magic


You had 2 spell levels left.
You knew the following spells:

 Your Spells              Type           Power        Failure   Level  Hunger
a - Freeze                Ice            ####         2%          1    None
b - Throw Icicle          Conj/Ice       ###.....     32%         4    ####...
x - Throw Frost           Conj/Ice       ###...       4%          2    ##.....
A - Ozocubu's Armour      Chrm/Ice       ###.....     19%         3    ###....


Dungeon Overview and Level Annotations

Branches:
Dungeon (4/15)
 Temple: D:4-7

Altars:
Ashenzari
Cheibriados
Elyvilon
Qazlal
Uskayaw
Wu Jian


Innate Abilities, Weirdness & Mutations

You cannot wear boots.
Your serpentine skin is tough. (AC +2)
You have supernaturally acute eyesight. (SInv)
Armour fits poorly on your strangely shaped body.
Your system is resistant to poisons. (rPois)
You cover ground very slowly.
You have a slow metabolism.
You can spit poison.


Message History

You eat one of the 2 chunks of flesh {@w0}.
Health restored: 42; MP restored: 10
Found a stone staircase leading up.
There is a stone staircase leading up here.
You see here a war axe.
A hound comes into view.
The hound barks!
The hound bites you but does no damage.
You hit the hound but do no damage. The hound bites you.
You take 3 damage, and have 39/42 hp.
You barely miss the hound. The hound bites you but does no damage.
The hound barely misses you.
Aim: a hound You feel a surge of power!
You freeze the hound. The hound bites you but does no damage.
You now have 9/10 mp.
Aim: a hound (moderately wounded)
You feel a surge of power!
You freeze the hound. The hound bites you. The hound barely misses you.
You take 1 damage, and have 38/42 hp.
You now have 8/10 mp.
Aim: a hound (almost dead)
You feel a surge of power!
You freeze the hound. The hound bites you but does no damage.
You now have 7/10 mp.
Aim: a hound (almost dead)
You feel a surge of power!
You freeze the hound.
You kill the hound!
You have reached level 6!
Your experience leads to an increase in your attributes!
Increase (S)trength, (I)ntelligence, or (D)exterity?
You feel clever.
Your skin feels tougher.
You regained 6 hp, and now have 45/49 hp.
You now have 6/11 mp.
You see here a hound corpse.
You butcher the hound corpse.
s - 4 chunks of flesh {@w0} (gained 3)
You start resting.
Health restored: 49; MP restored: 11 You see here a war axe.
Some of the chunks of flesh in your inventory have rotted away.
Found an escape hatch in the floor.
Found a stone staircase leading up.
Found an escape hatch in the ceiling.
No target in view!
No target in view!
A worker ant comes into view.
The worker ant twitches its antennae in your direction.
A worker ant is nearby!
You hit the worker ant. You freeze the worker ant. The worker ant misses you.
You closely miss the worker ant.
The worker ant bites you but does no damage.
You hit the worker ant but do no damage.
The worker ant bites you. The worker ant barely misses you.
You take 2 damage, and have 47/49 hp.
Aim: a worker ant (moderately wounded)
You feel a surge of power!
You freeze the worker ant. The worker ant bites you.
You take 2 damage, and have 45/49 hp.
You now have 10/11 mp.
Aim: a worker ant (heavily wounded)
You feel a surge of power!
You freeze the worker ant.
You kill the worker ant!
Your Conjurations skill increases to level 3!
You now have 9/11 mp.
You can't see any susceptible monsters within range! (Use Z to cast anyway.) Unknown command.
Unknown command.
Unknown command.
You see here a worker ant corpse.
You butcher the worker ant corpse.
s - 6 chunks of flesh {@w0} (gained 3)
An ogre comes into view. It is wielding a giant spiked club.
You regained 2 hp, and now have 48/49 hp.
MP restored: 11 An ogre is nearby!
The ogre shouts!
Health restored: 49
Aim: an ogre, wielding a giant spiked club You feel a surge of power!
The puff of frost hits the ogre.
You now have 9/11 mp.
Aim: an ogre, wielding a giant spiked club (moderately wounded)
You feel a surge of power!
You freeze the ogre.
The ogre hits you with a giant spiked club!!
You take 18 damage, and have 31/49 hp.
MASSIVE DAMAGE!!
You now have 8/11 mp.
Unknown command.
Aim: an ogre, wielding a giant spiked club (heavily wounded)
You feel a surge of power!
You freeze the ogre.
You now have 7/11 mp.
Aim: an ogre, wielding a giant spiked club (severely wounded)
You feel a surge of power!
You freeze the ogre.
The ogre hits you with a giant spiked club!!
Ouch! That really hurt!
* * * LOW HITPOINT WARNING * * *
You take 26 damage, and have 5/49 hp.
MASSIVE DAMAGE!!
You now have 6/11 mp.
Aim: an ogre, wielding a giant spiked club (almost dead)
You feel a surge of power!
You freeze the ogre.
The ogre hits you with a giant spiked club!
You die...

,,,,,,_,,,,,,,* *,* *,*#.
*,*,*,,,*,*,*,* *.#*******##.##.
*,*,**,**,*,*,* *..,,,,,,,....[.
*,*,,,,,,,*,*,* *.#******,*#.###
*,****,****,*,****.### #.#...##
*,,,,,,,,,,,*,,,,,...#####......#
******,******,****...#...........
*,,,,,,,,,,,,,####..<#.#.#.......
*,*,**,,,,,***#O@..........#...#.
*,*,**,,,#......#....#.#.#.##.##.
*,*,**,*,#......#....#.#.#..#.##.
,,,,,,,,,##....##.........>......
*,*,**,,,*#....##....#.#....#.##.
*,*,,,,,,,##..##.....#.#...##.##.
*,***,,,,,*#..##.......#...##.##.
*,* *,**,,,####....##..#...##.##.
*,* *,,,,,,**##..#.##............


You could see an ogre.

Vanquished Creatures
  2 hounds (D:4)
  2 worker ants (D:4)
  5 adders
  3 gnolls (D:4)
  An ooze (D:3)
  2 worms
  3 dart slugs
  A ball python (D:1)
  6 bats
  4 giant cockroaches
  10 hobgoblins
  4 jackals (D:3)
  4 kobolds
  2 quokkas (D:3)
  2 frilled lizards
  6 goblins
  A jackal skeleton (D:4)
  7 rats
65 creatures vanquished.

Notes
Turn   | Place    | Note
-------+----------+-------------------------------------------
     0 | D:1      | mhoghedin the Naga Ice Elementalist began the quest for the Orb.
     0 | D:1      | Reached XP level 1. HP: 15/15 MP: 3/3
   218 | D:1      | HP: 3/15 [hobgoblin (3)]
   517 | D:1      | Reached XP level 2. HP: 20/22 MP: 5/5
   837 | D:1      | Learned a level 2 spell: Throw Frost
  1379 | D:1      | Reached XP level 3. HP: 23/28 MP: 4/6
  1819 | D:2      | Found a snail-covered altar of Cheibriados.
  1929 | D:2      | Found a white marble altar of Elyvilon.
  2048 | D:2      | Noticed a fire elemental
  2050 | D:2      | Found a stormy altar of Qazlal.
  2051 | D:2      | Noticed an air elemental
  2051 | D:2      | Noticed a water elemental
  2051 | D:2      | Noticed an earth elemental
  2063 | D:2      | Found a hide-covered altar of Uskayaw.
  2165 | D:2      | Reached XP level 4. HP: 32/36 MP: 5/8
  2268 | D:2      | Learned a level 3 spell: Ozocubu's Armour
  2300 | D:2      | Reached skill level 3 in Spellcasting
  2674 | D:3      | Reached skill level 4 in Ice Magic
  2768 | D:3      | Reached skill level 2 in Conjurations
  2976 | D:3      | Reached XP level 5. HP: 32/42 MP: 1/9
  3694 | D:3      | Learned a level 4 spell: Throw Icicle
  3781 | D:4      | Found an ornate altar of the Wu Jian Council.
  3831 | D:4      | HP: 7/42 [gnoll/halberd (4)]
  4139 | D:4      | Found a shattered altar of Ashenzari.
  4343 | D:4      | Reached XP level 6. HP: 45/49 MP: 6/11
  4434 | D:4      | Reached skill level 3 in Conjurations
  4455 | D:4      | HP: 5/49 [ogre/giant spiked club (26)]
  4456 | D:4      | Mangled by an ogre

Vault maps used:
D:1:      nagdon_arrival_zigzag_paths
D:2:      marbit_many_paths, overflow_temple_1_default,
          nicolae_overflow_hidden_temple, nicolae_qazlal_style_of_elements
D:4:      nemelex_xobeh_ov_fountains_minmay, nicolae_overflow_crystal_walls,
          lemuel_doored_altar, lemuel_round_altar,
          nicolae_ru_sacrificial_ziggurat, minmay_misc_feat_x,
          nicolae_tso_besieged_by_evil

Skill      XL: |  1  2  3  4  5  6 |
---------------+-------------------+-----
Spellcasting   | 3 |  3.8
Ice Magic      | 4 |  4.7
Conjurations   | 2 3 |  3.0
Dodging        | |  1.5
Stealth        | |  3.0

Action                   |  1- 3 |  4- 6 || total
-------------------------+-------+-------++-------
Melee: Unarmed           |    16 |       ||    16
       Short sword       |    14 |       ||    14
       Dagger            |    48 |    97 ||   145
 Cast: Freeze            |    22 |    39 ||    61
       Ozocubu's Armour  |       |     3 ||     3
       Throw Frost       |       |     2 ||     2
 Abil: Spit Poison       |     5 |     3 ||     8
  Use: Scroll            |       |     6 ||     6
       Potion            |       |     1 ||     1
 Stab: Sleeping          |     6 |     6 ||    12
  Eat: Ration            |     1 |     1 ||     2
       Chunk             |       |     3 ||     3
Armor: Robe              |    27 |    51 ||    78
Dodge: Dodged            |    57 |    75 ||   132

Table legend:
 A = Spawn XP
 B = Non-spawn XP
 C = Spawn XP percentage of total XP
 D = Spawn monster count
 E = Non-spawn monster count
 F = Spawn count percentage of total count
 G = Total turns spent on level
                    A         B        C        D         E        F      G
               +---------+---------+-------+---------+---------+-------+---------
         Total |       0 |     371 |   0.0 |       0 |      65 |   0.0 |  4456
               +---------+---------+-------+---------+---------+-------+---------
           D:1 |       0 |      37 |   0.0 |       0 |      21 |   0.0 |  1540
           D:2 |       0 |      56 |   0.0 |       0 |      16 |   0.0 |   958
           D:3 |       0 |      80 |   0.0 |       0 |      19 |   0.0 |  1266
           D:4 |       0 |     198 |   0.0 |       0 |       9 |   0.0 |   692
               +---------+---------+-------+---------+---------+-------+---------

Vault maps used:
D:1:      nagdon_arrival_zigzag_paths
D:2:      marbit_many_paths, overflow_temple_1_default,
          nicolae_overflow_hidden_temple, nicolae_qazlal_style_of_elements
D:4:      nemelex_xobeh_ov_fountains_minmay, nicolae_overflow_crystal_walls,
          lemuel_doored_altar, lemuel_round_altar,
          nicolae_ru_sacrificial_ziggurat, minmay_misc_feat_x,
          nicolae_tso_besieged_by_evil

Table legend:
 A = Turns spent in this place as a percentage of turns spent in the entire game.
 B = Non-inter-level travel turns spent in this place as a percentage of non-inter-level travel turns spent in the entire game.
 C = Inter-level travel turns spent in this place as a percentage of turns spent in this place.
 D = Turns resting spent in this place as a percentage of non-inter-level travel turns spent in this place.
 E = Turns spent auto-exploring this place as a percentage of non-inter-level travel turns spent in this place.
 F = Non-inter-level travel turns spent in this place divided by the number of levels of this place that you've seen.
                   A       B       C       D       E      F
               +-------+-------+-------+-------+-------+----------------------
         Total | 100.0 | 100.0 |   2.5 |  28.1 |  57.8 | 1086.0
       Dungeon | 100.0 | 100.0 |   2.5 |  28.1 |  57.8 | 1086.0
               +-------+-------+-------+-------+-------+----------------------

Table legend:
 A = Kills in this place as a percentage of kills in entire the game.
 B = Kills by you in this place as a percentage of kills by you in the entire game.
 C = Kills by friends in this place as a percentage of kills by friends in the entire game.
 D = Other kills in this place as a percentage of other kills in the entire game.
 E = Experience gained in this place as a percentage of experience gained in the entire game.
 F = Experience gained in this place divided by the number of levels of this place that you have seen.
                   A       B       C       D       E      F
               +-------+-------+-------+-------+-------+----------------------
         Total | 100.0 | 100.0 |   N/A |   N/A | 100.0 |  92.8
       Dungeon | 100.0 | 100.0 |   N/A |   N/A | 100.0 |  92.8
               +-------+-------+-------+-------+-------+----------------------
